Map: Kairos Junction LE

Players

INject - Winner!

  • Race: Terran Terran
  • League: Diamond
  • Spawn Location: 5:00

Computer

  • Race: Terran Terran
  • League: Diamond
  • Spawn Location: 11:00

VOD

Have the link to the VOD?

Description

9:30 sensor tower glitch

Time

  • Played on: March 20, 2019, 10:29 a.m.
  • Length: 11:51
Show
View Real Time Build Order
Export as new Build Order

INject Terran - Winner!

Build Orders: Gas First Reaper Expand 

Get SALT Encoding   

  12  0:00  SCV  
  13  0:12  SCV  
  14  0:17  Supply Depot  
  14  0:25  SCV  
  14  0:27  Refinery  
  15  0:39  SCV  
  16  0:45  Barracks  
  16  0:51  SCV  
  17  1:03  SCV  
  18  1:15  SCV  
  19  1:31  Orbital Command  
  19  1:34  Reaper  
  20  1:51  Command Center  
  19  2:03  Factory  
  19  2:04  SCV  
  20  2:10  Barracks Reactor  
  20  2:21  SCV  
  21  2:23  Supply Depot  
  21  2:24  Refinery  
  21  2:33  SCV  
  22  2:45  SCV  
  22  2:47  Marine x2  
  24  2:56  Starport  
  24  2:57  Factory Tech Lab  
  24  2:58  SCV  
  25  3:06  Orbital Command  
  25  3:10  SCV  
  25  3:12  Marine  
  27  3:18  Siege Tank  
  30  3:22  SCV  
  30  3:33  SCV  
  31  3:34  SCV  
  31  3:37  Engineering Bay  
  31  3:38  Viking  
  34  3:46  SCV x2  
  39  3:55  Siege Tank, Refinery  
  39  4:00  SCV x2  
  41  4:08  Supply Depot  
  41  4:12  Starport Reactor, SCV x2  
  41  4:15  Marine  
  45  4:24  SCV x2  
  45  4:28  Terran Infantry Weapons Level 1  
  45  4:29  Supply Depot  
  46  4:36  SCV  
  47  4:50  Viking  
  47  4:52  Command Center  
  49  4:55  SCV  
  49  4:58  Refinery  
  50  5:02  SCV  
  50  5:05  Siege Tank  
  54  5:11  Marine  
  55  5:19  SCV  
  56  5:23  Barracks  
  56  5:24  Viking  
  56  5:26  Viking  
  60  5:33  Marine x2  
  62  5:35  Supply Depot  
  62  5:40  Supply Depot  
  62  5:46  SCV  
  62  5:54  SCV  
  63  5:58  SCV  
  63  6:03  Medivac  
  66  6:06  SCV  
  66  6:08  Engineering Bay  
  66  6:10  Siege Tank, SCV  
  71  6:11  Barracks Tech Lab  
  71  6:18  SCV  
  72  6:19  Missile Turret  
  72  6:22  SCV  
  73  6:30  SCV  
  74  6:33  Stimpack  
  74  6:34  SCV  
  74  6:37  Orbital Command  
  75  6:42  Missile Turret, SCV  
  75  6:44  Terran Infantry Armor Level 1  
  75  6:45  Missile Turret  
  75  6:46  SCV  
  77  6:50  Armory  
  77  6:54  Medivac, SCV  
  77  6:56  Marine x2  
  77  6:59  Missile Turret  
  82  7:04  Marine, SCV  
  82  7:05  Orbital Command  
  84  7:14  Marine  
  84  7:15  SCV  
  86  7:19  Sensor Tower, SCV  
  86  7:21  Marine  
  88  7:26  Marine  
  88  7:27  Siege Tank, SCV  
  93  7:31  SCV  
  93  7:32  Sensor Tower, Marine  
  93  7:34  Factory  
  93  7:35  SCV  
  96  7:37  Refinery  
  96  7:38  Refinery  
  96  7:39  SCV  
  96  7:41  Marine  
  96  7:42  Terran Infantry Weapons Level 2  
  96  7:43  SCV  
  96  7:44  Terran Vehicle Weapons Level 1, Marine  
  100  7:57  SCV  
  101  7:59  Supply Depot  
  101  8:03  Supply Depot  
  101  8:08  Supply Depot x2  
  101  8:16  Siege Tank, Marine x3, SCV  
  101  8:19  Supply Depot, SCV  
  109  8:20  Supply Depot  
  109  8:23  Viking  
  111  8:30  Factory Tech Lab  
  111  8:33  Marine x3, Starport  
  114  8:40  Barracks  
  114  8:42  SCV  
  114  8:47  Missile Turret, SCV  
  116  8:51  Marine x3  
  116  8:54  Missile Turret  
  105  9:08  Siege Tank x2  
  105  9:09  Marine x3  
  114  9:20  Viking  
  114  9:21  Starport Tech Lab  
  116  9:27  Marine x3  
  116  9:29  Barracks Reactor  
  119  9:32  Barracks  
  119  9:35  SCV  
  120  9:40  Siege Tank x2  
  120  9:45  Marine x3, SCV  
  129  9:48  Missile Turret  
  130  9:54  SCV  
  131  10:02  Medivac x2  
  131  10:03  Marine x3  
  131  10:04  Viking  
  138  10:12  Siege Tank x2, Marine x2  
  130  10:20  Marine x3  
  131  10:28  Command Center  
  131  10:30  Marine x2  
  131  10:32  Viking  
  135  10:38  Marine x3  
  138  10:44  Siege Tank  
  138  10:48  Marine x2  
  143  10:56  Marine x3  
  146  10:57  Medivac, Viking  
  146  11:06  Marine x2  
  140  11:14  Marine x3  
  141  11:23  Marine  
  141  11:24  Marine  
  136  11:32  Marine x3  
Show
View Real Time Build Order
Export as new Build Order

Computer Terran 

Build Orders: Reaper Expand 

Get SALT Encoding   

  12  0:00  SCV  
  13  0:13  SCV  
  14  0:18  Supply Depot  
  14  0:30  SCV  
  15  0:40  Barracks  
  15  0:42  SCV  
  16  0:45  Refinery  
  16  0:54  SCV  
  17  1:06  SCV  
  18  1:18  SCV  
  19  1:28  Reaper  
  19  1:30  Orbital Command  
  20  1:58  Command Center  
  20  2:01  SCV  
  20  2:04  Barracks Reactor  
  21  2:09  Barracks  
  21  2:20  Refinery  
  21  2:29  Factory, SCV  
  22  2:43  Marine  
  23  2:59  Supply Depot  
  23  3:00  Barracks Tech Lab  
  23  3:01  Supply Depot  
  23  3:09  Marine x2, SCV  
  26  3:26  Marine  
  27  3:32  Marine x2  
  28  3:35  Orbital Command  
  28  3:37  SCV  
  28  3:40  Factory Tech Lab  
  29  3:43  Factory Reactor  
  29  3:44  Starport  
  29  3:48  Marine  
  30  3:49  Stimpack  
  30  3:50  Marine  
  30  3:52  Marine  
  32  3:56  SCV  
  33  4:04  SCV  
  33  4:07  Marine  
  35  4:13  Marine  
  35  4:14  Marine  
  38  4:17  SCV x2  
  39  4:28  Factory Tech Lab, Marine  
  39  4:29  Medivac, SCV x2  
  39  4:30  Medivac  
  46  4:34  Supply Depot  
  46  4:41  Marine, SCV x2  
  46  4:42  Marine  
  50  4:46  Marine  
  51  4:53  Siege Tank  
  51  4:56  SCV  
  51  4:57  SCV  
  51  4:59  Marine  
  57  5:00  Marine  
  58  5:08  Marine, SCV  
  58  5:09  SCV  
  61  5:17  Medivac x2, Marine  
  61  5:18  Marine  
  67  5:26  Marine  
  68  5:35  Marine  
  69  5:36  Marine  
  70  5:54  Marine  
  70  5:57  Siege Tank  
  70  6:01  Marine x2  
  67  6:06  Viking  
  67  6:08  SCV  
  70  6:14  Supply Depot  
  70  6:15  Supply Depot  
  70  6:17  Viking, Marine, SCV  
  74  6:19  Refinery, Marine x2  
  74  6:20  Refinery, SCV  
  74  6:23  Command Center  
  77  6:29  SCV  
  78  6:35  Marine  
  78  6:37  Marine x2, SCV  
  82  6:41  Supply Depot, SCV  
  82  6:43  Supply Depot  
  83  6:49  SCV  
  83  6:50  Siege Tank  
  83  6:54  SCV  
  88  6:56  Marine x2  
  90  7:11  Marine  
  90  7:13  Viking  
  90  7:14  Viking, Marine, SCV  
  90  7:15  SCV  
  98  7:22  Marine  
  99  7:31  Barracks  
  99  7:33  Barracks  
  99  7:34  SCV  
  99  7:36  SCV  
  101  7:38  Barracks  
  101  7:43  Orbital Command  
  101  7:45  Supply Depot  
  101  7:46  Marine  
  101  7:47  Marine  
  103  7:53  Marine  
  103  7:54  Siege Tank  
  103  7:56  SCV x2  
  109  8:11  Marine x3  
  112  8:16  Orbital Command  
  112  8:23  SCV x2  
  114  8:28  Barracks Reactor x3  
  114  8:29  Marine x3  
  117  8:35  Siege Tank, Viking, SCV x2  
  124  8:45  Supply Depot  
  124  8:47  Marine x2  
  124  8:48  Supply Depot  
  99  9:06  Marine x6  
  99  9:07  Marine x3  
  99  9:08  Siege Tank  
  99  9:09  Medivac  
  109  9:10  Medivac  
  111  9:23  Marine  
  111  9:24  Marine x5  
  112  9:25  SCV x3  
  112  9:27  Refinery  
  112  9:28  Refinery  
  120  9:31  Engineering Bay  
  120  9:34  Engineering Bay, Marine x3  
  115  9:49  Marine  
  115  9:50  Marine x5  
  115  9:52  Marine x3  
  123  9:53  Siege Tank  
  123  9:54  Viking x2  
  120  10:16  SCV x3  
  123  10:24  Marine x5  
  123  10:25  Marine x2  
  123  10:26  Marine  
  123  10:28  SCV x3  
  134  10:36  Marine  
  134  10:37  Siege Tank  
  138  10:44  Marine x3  
  138  10:45  Marine x4  
  145  10:50  Supply Depot  
  145  10:53  SCV x3  
  148  10:58  Marine  
  149  11:08  Viking  
  88  11:29  Marine x5  
  88  11:30  Marine  
  88  11:32  Marine x3  
Tags
 
Add a new tag
Caveats
  • Supply blocks, unpowered buildings, or Contaminate may cause inaccurate times.
  • Supply counts are checked every 10 seconds.